 Dungeon Crawl Stone Soup version 0.20-a0-1078-g4874019 (webtiles) character file.

114 Monsterracer the Changer (level 4, 0/38 HPs)
             Began as a Naga Transmuter on Apr 30, 2017.
             Killed from afar by Natasha (7 damage)
             ... with a magic dart
             ... on level 4 of the Dungeon.
             The game lasted 00:11:41 (3446 turns).

Monsterracer the Changer (Naga Transmuter)          Turns: 3446, Time: 00:11:42

Health: 0/38       AC:  2    Str: 12      XL:     4   Next: 98%
Magic:  4/7        EV: 24    Int: 15      God:
Gold:   191        SH:  0    Dex: 18 (21) Spells: 3/7 levels left

rFire    . . .     SeeInvis +     - Unarmed
rCold    + + .     Gourm    .   (shield currently unavailable)
rNeg     . . .     Faith    .   (armour currently unavailable)
rPois    x         Spirit   .   (helmet currently unavailable)
rElec    .         Reflect  .   (cloak currently unavailable)
rCorr    .         Harm     .   (gloves currently unavailable)
MR       .....                  (no barding)
Stlth    +++.......             (no amulet)
Regen    0.2/turn               e - ring of protection from cold
MPRegen  0.1/turn               f - ring of protection from cold

@: agile, spider-form
A: see invisible, slow metabolism 1, spit poison 1, AC +1
a: Spit Poison, End Transformation


You were on level 4 of the Dungeon.
You were not hungry.
You were a venomous arachnid creature.
You visited 1 branch of the dungeon, and saw 4 of its levels.

You collected 191 gold pieces.

Inventory:

Armour
 b - a +0 robe (melded)
 j - a +0 helmet (melded)
Jewellery
 e - a ring of protection from cold (left front leg)
 f - a ring of protection from cold (right front leg)
Scrolls
 g - a scroll of recharging {unknown}
 h - 2 scrolls of enchant armour {unknown}
 k - a scroll of teleportation {unknown}
 l - a scroll of noise {unknown}
 n - 2 scrolls of remove curse {unknown}
 q - 2 scrolls of identify {unknown}
 r - a scroll of magic mapping {unknown}
Potions
 i - a potion of magic
 p - 4 potions of curing
Books
 c - a book of Changes

   Spells                             Type                      Level
   a - Beastly Appendage              Transmutation                1
   b - Sticks to Snakes               Transmutation                2
   c - Spider Form                    Transmutation/Poison         3
   d - Ice Form                       Ice/Transmutation            4
   e - Blade Hands                    Transmutation                5
Comestibles
 a - 2 royal jellies
 d - a bread ration
 m - 2 meat rations
 s - 10 chunks of flesh


   Skills:
 - Level 1.0 Fighting
 - Level 1.5 Dodging
 + Level 3.6 Unarmed Combat
 - Level 2.0 Spellcasting
 * Level 4.4 Transmutations


You had 3 spell levels left.
You knew the following spells:

 Your Spells              Type           Power        Failure   Level  Hunger
a - Beastly Appendage     Tmut           ##....       12%         1    #......
b - Spider Form           Tmut/Pois      #.........   47%         3    ###....


Dungeon Overview and Level Annotations

Branches:
Dungeon (4/15)
 Temple: D:4-7

Altars:
Okawaru

Annotations:
D:4 Natasha, Robin


Innate Abilities, Weirdness & Mutations

You cannot wear boots.
((Your serpentine skin is tough. (AC +1)))
You have supernaturally acute eyesight. (SInv)
((Armour fits poorly on your strangely shaped body.))
((Your system is resistant to poisons. (rPois)))
((You cover ground very slowly.))
You have a slow metabolism.
You can spit poison.
((Your flesh is cold resistant. (rC+)))
((Your flesh is heat resistant. (rF+)))


Message History

Confirm with . or Enter, or press ? or * to list all spells.
You turn into a venomous arachnid creature.
Your +0 helmet melds into your body.
Your +0 robe melds into your body.
You have got your breath back.
Natasha completely misses you.
You hit Natasha but do no damage.
Natasha is poisoned.
Natasha is moderately wounded.
Natasha misses you.
A goblin comes into view.
You barely miss Natasha.
Natasha is moderately wounded.
Robin roars a battlecry!
The goblin goes into a battle-frenzy!
Natasha closely misses you.
You hear a shout! x4
You hit Natasha but do no damage.
Natasha looks as sick as possible!
Natasha is moderately wounded.
Natasha casts a spell at you. The magic dart hits you!
You die...

.....g. ...g.gg
...ggg. ..g.. ##.g.
#########h.#
#.......#.#
#.......#.##########
#........gghs.......
#.........##########
#....)..### ..
####.##.# .# #..##.#
.# #.#...# #####.#
##...### #.....#
#...## #.....# #.#.#
#########.....#


You could see Robin, Natasha and a goblin.

Vanquished Creatures
  Terence (D:2)
  3 adders
  2 dart slugs
  A leopard gecko (D:1)
  An orc (D:4)
  5 bats
  5 giant cockroaches
  15 goblins
  5 hobgoblins
  2 kobolds
  A quokka (D:2)
  2 frilled lizards
  10 rats
53 creatures vanquished.

Notes
Turn   | Place    | Note
-------+----------+-------------------------------------------
     0 | D:1      | Monsterracer the Naga Transmuter began the quest for the Orb.
     0 | D:1      | Reached XP level 1. HP: 18/18 MP: 3/3
   130 | D:1      | Reached XP level 2. HP: 19/25 MP: 5/5
   255 | D:1      | Reached skill level 3 in Transmutations
   827 | D:2      | Reached XP level 3. HP: 31/31 MP: 6/6
   881 | D:2      | Learned a level 3 spell: Spider Form
  1459 | D:2      | Noticed Terence
  1475 | D:2      | Killed Terence
  1479 | D:2      | Reached skill level 4 in Transmutations
  1479 | D:2      | Reached XP level 4. HP: 17/38 MP: 4/7
  1778 | D:2      | Found an iron altar of Okawaru.
  2766 | D:3      | Gained mutation: Your flesh is cold resistant. (rC+) [potion of mutation]
  2766 | D:3      | Gained mutation: Your flesh is heat resistant. (rF+) [potion of mutation]
  3435 | D:4      | Noticed Natasha
  3440 | D:4      | Noticed Robin
  3446 | D:4      | Killed from afar by Natasha

Vault maps used:
D:1:      dpeg_arrival_rhombus
D:2:      kennysheep_okawaru_gauntlet, uniq_terence
D:4:      first_bread, uniq_sigmund, uniq_grinder, uniq_natasha, uniq_robin

Skill      XL: |  1  2  3 |
---------------+----------+-----
Transmutations | 3 4 |  4.4
Fighting       | |  1.0
Dodging        | |  1.5
Unarmed Combat | |  3.6
Spellcasting   | |  2.0

Action                   |  1- 3 |  4- 6 || total
-------------------------+-------+-------++-------
Melee: Unarmed           |   142 |   111 ||   253
       Punch             |     1 |     1 ||     2
 Cast: Beastly Appendage |     1 |       ||     1
       Spider Form       |     1 |     1 ||     2
 Abil: Spit Poison       |     2 |     8 ||    10
  Use: Potion            |     5 |     4 ||     9
 Stab: Sleeping          |       |     1 ||     1
  Eat: Chunk             |     1 |     6 ||     7
Armor: Robe              |    40 |    30 ||    70
Dodge: Dodged            |    76 |    51 ||   127
